 Dungeon Crawl Stone Soup version 0.29-a0-284-gf9362112df (webtiles) character file.

Game seed: 2399519500439010577

107 oldriver the Shooter (level 4, 0/42 HPs)
             Began as a Naga Hunter on Mar 25, 2022.
             Shot with a sling bullet by a goblin (3 damage)
             ... led by Robin
             ... on level 3 of the Dungeon.
             The game lasted 00:02:50 (1795 turns).

oldriver the Shooter (Naga Hunter)                  Turns: 1795, Time: 00:02:50

Health: 0/42       AC:  3    Str: 13    XL:     4   Next: 85%
Magic:  0/4        EV:  9    Int:  9    God:
Gold:   156        SH:  0    Dex: 17    Spells: 3/3 levels left

rFire   . . .      SeeInvis +   a - +1 shortbow
rCold   . . .      Faith    .   (shield currently unavailable)
rNeg    . . .      Spirit   +   k - +0 leather armour
rPois   +          Reflect  .   (no helmet)
rElec   .          Harm     .   g - +0 cloak
rCorr   .          Rampage  .   (no gloves)
Will    .....                   (no barding)
Stlth   ++........              d - amulet of guardian spirit
HPRegen 0.14/turn               (no ring)
MPRegen 0.09/turn               (no ring)

@: mighty, about to teleport, very slow
A: AC +1, large, see invisible, deformed body, poison resistance, slowness 2,
spit poison 1, naga tail 1
a: Spit Poison


You were on level 3 of the Dungeon.
You visited 1 branch of the dungeon, and saw 3 of its levels.

You collected 156 gold pieces.

Inventory:

Hand Weapons
 a - a +1 shortbow (weapon)
 b - a +1 dagger of venom
Armour
 g - a +0 cloak (worn)
 k - a +0 leather armour (worn)
Jewellery
 d - an amulet of guardian spirit (around neck)
Scrolls
 c - 2 scrolls of immolation
 e - 4 scrolls of teleportation
 j - a scroll of amnesia
Potions
 f - a potion of haste
 h - 2 potions of ambrosia


   Skills:
 + Level 3.1 Fighting
 * Level 5.0 Bows
 - Level 1.5 Dodging
 - Level 1.5 Stealth


You had 3 spell levels left.
You didn't know any spells.
Your spell library was empty.

Dungeon Overview and Level Annotations

Branches:
Dungeon (3/15)

Altars:


Innate Abilities, Weirdness & Mutations

Your serpentine skin is tough. (AC +1)
You have supernaturally acute eyesight. (SInv)
Armour fits poorly on your strangely shaped body.
Your system is resistant to poisons. (rPois)
You cover ground very slowly.
You can spit poison.
You have a snake-like lower body.


Message History

Press: ? - help, Shift-Dir - straight line, f/p - Robin
Aim: Robin, wielding a +0 club, wearing a +0 animal skin and wearing a +2 helmet (almost dead, 71% to hit)
You shoot an arrow.
The arrow hits Robin but does no damage.
Robin is almost dead.
The goblin hits you but does no damage. Robin throws the goblin at you!
The goblin barely misses you. The goblin closely misses you.
As you read the scroll labelled COIDUS EFAULA, it crumbles to dust.
You feel strangely unstable.
It was a scroll of teleportation.
The goblin misses you. Robin throws the goblin at you!
The goblin hits you but does no damage. The goblin hits you with a +0 club.
The goblin barely misses you.
Unknown command.
As you read the scroll labelled POMNANAPYST, it crumbles to dust.
It is a scroll of amnesia.
You feel forgetful for a moment. The goblin hits you but does no damage.
The goblin hits you with a +0 club. Robin hits you with a +0 club.
The goblin closely misses you. The goblin hits you with a +0 club.
It was a potion of might.
You feel very mighty all of a sudden. The goblin hits you but does no damage.
The goblin hits you with a +0 club. Robin barely misses you.
The goblin barely misses you. The goblin hits you but does no damage.
The goblin shoots a sling bullet.
The sling bullet closely misses you.
The sling bullet barely misses the goblin.
Shoot: a) +1 shortbow
Press: ? - help, Shift-Dir - straight line, f/p - Robin
Aim: Robin, wielding a +0 club, wearing a +0 animal skin and wearing a +2 helmet (almost dead, 71% to hit)
You shoot an arrow. The arrow hits Robin!
You kill Robin!
The goblin no longer looks unusually strong.
The goblin closely misses you. The goblin hits you with a +0 club.
* * * LOW HITPOINT WARNING * * *
The goblin hits you with a +0 club.
* * * LOW HITPOINT WARNING * * *
The hobgoblin hits you but does no damage.
The goblin hits you with a +0 club.
* * * LOW HITPOINT WARNING * * *
The goblin shoots a sling bullet.
The sling bullet hits you.
You die...

#.##.##..##......
#....##.##....###
##..#[.........
#####.........†.<..
#.......†..##.#....
#....>..........###
#.>...........###
#.ggg......#†.#
##g@...........#
#g.)......###.#
#$.g......# .#
#........## .
#.........>.
#......)....
#####........
#....)... ....)..


You could see a hobgoblin (strong) and 5 goblins.

Vanquished Creatures
  Robin (D:3)
  3 gnolls (D:2)
  3 adders
  5 endoplasms
  A giant cockroach (D:1)
  10 goblins
  4 hobgoblins
  3 jackals (D:2)
  5 ball pythons
  5 bats
  3 frilled lizards
  4 kobolds
  2 rats
49 creatures vanquished.

Notes
Turn   | Place    | Note
-------+----------+-------------------------------------------
     0 | D:1      | oldriver the Naga Hunter began the quest for the Orb.
     0 | D:1      | Reached XP level 1. HP: 19/19 MP: 1/1
   235 | D:1      | Reached XP level 2. HP: 26/26 MP: 2/2
   284 | D:1      | Reached skill level 4 in Bows
   318 | D:1      | You fall into a shaft and drop 1 floor!
   429 | D:2      | Found a faded altar of an unknown god.
   876 | D:2      | Reached XP level 3. HP: 33/33 MP: 3/3
  1145 | D:2      | Reached XP level 4. HP: 40/40 MP: 4/4
  1701 | D:3      | Noticed Robin
  1789 | D:3      | Reached skill level 5 in Bows
  1795 | D:3      | Killed Robin
  1795 | D:3      | Shot with a sling bullet by a goblin

Illustrated notes

Levels and vault maps discovered:
D:1:      grunt_arrival_lava_bath, layout_loops_corners
D:2:      layout_rooms, chequers_ecumenical_altar_grove, dreamdust_wishing_well
D:3:      layout_rooms, uniq_robin

Skill      XL: |  1  2  3  4 |
---------------+-------------+-----
Bows           | 4 5 |  5.0
Fighting       | 3 |  3.1
Dodging        | |  1.5
Stealth        | |  1.5

Action                   |  1- 3 |  4- 6 || total
-------------------------+-------+-------++-------
Melee: Dagger            |       |     8 ||     8
 Fire: Shortbow          |    53 |    68 ||   121
 Abil: Spit Poison       |     7 |     9 ||    16
  Use: Potion            |       |     3 ||     3
       Scroll            |       |     2 ||     2
Armor: Leather armour    |     4 |    20 ||    24
Dodge: Dodged            |     5 |    31 ||    36

Table legend: (Time is in decaauts)
 A = Elapsed time spent in this place.
 B = Non-inter-level travel time spent in this place.
 C = Inter-level travel time spent in this place.
 D = Time resting spent in this place.
 E = Time spent auto-exploring this place.
 F = Levels seen in this place.
 G = Mean time per level.
                   A        B        C        D        E       F      G
               +--------+--------+--------+--------+--------+-----+--------+
         Total |   2292 |   2148 |    144 |    206 |   1582 |   3 |  764.0 |
       Dungeon |   2292 |   2148 |    144 |    206 |   1582 |   3 |  764.0 |
               +--------+--------+--------+--------+--------+-----+--------+

Top non-repeatable levels by time:
     D:1: 1180 daAuts
     D:2: 793 daAuts
     D:3: 318 daAuts
